 Dungeon Crawl Stone Soup version 0.29.1 (webtiles) character file.

Game seed: 2080378808175887547

1395 Ordine the Ruffian (level 8, -10/79 HPs)
             Began as a Troll Fighter on Sept 14, 2022.
             Was a Follower of Wu Jian.
             Killed from afar by an electric eel (13 damage)
             ... with a bolt of electricity
             ... on level 6 of the Dungeon.
             The game lasted 00:08:19 (4704 turns).

Ordine the Ruffian (Troll Fighter)                  Turns: 4704, Time: 00:08:19

Health: -10/79     AC:  4    Str: 25    XL:     8   Next: 41%
Magic:  7/7        EV: 12    Int:  6    God:    Wu Jian [*.....]
Gold:   318        SH:  8    Dex:  9    Spells: 7/7 levels left

rFire   . . .      SeeInvis +     - Unarmed
rCold   . . .      Faith    .   b - +0 kite shield
rNeg    . . .      Spirit   .   a - +0 robe
rPois   .          Reflect  .   (helmet restricted)
rElec   .          Harm     .   (no cloak)
rCorr   .          Rampage  .   (gloves unavailable)
Will    .....                   (boots unavailable)
Stlth   +.........              (no amulet)
HPRegen 1.03/turn               d - ring of see invisible
MPRegen 0.10/turn               s - +4 ring of evasion

@: no status effects
A: large, unfitting armour, claws 3, regeneration 1, shaggy fur 1, tough skin 1
a: Renounce Religion


You were on level 6 of the Dungeon.
You worshipped Wu Jian.
Wu Jian was aware of your devotion.
You visited 2 branches of the dungeon, and saw 7 of its levels.
You also visited: Sewer.

You collected 318 gold pieces.

Inventory:

Armour
 a - a +0 robe (worn)
 b - a +0 kite shield (worn)
Jewellery
 d - a ring of see invisible (left claw)
 l - a ring of wizardry
 s - a +4 ring of evasion (right claw)
Wands
 x - a wand of light (11)
 z - a wand of paralysis (3)
Scrolls
 f - 2 scrolls of enchant armour
 g - a scroll of summoning
 i - a scroll of butterflies
 m - a scroll of enchant weapon
 o - 3 scrolls of blinking
 r - 2 scrolls of teleportation
 t - a scroll of immolation {unknown}
 y - a scroll of fear {unknown}
 A - 2 scrolls of magic mapping
Potions
 c - 2 potions of haste
 e - 3 potions of ambrosia {unknown}
 h - a potion of curing {unknown}
 j - 2 potions of heal wounds
 k - 3 potions of flight
 n - a potion of degeneration {unknown}
 p - 2 potions of might
 q - 2 potions of lignification {unknown}
 u - a potion of attraction {unknown}
 v - a potion of mutation {unknown}
 w - a potion of invisibility {unknown}
 B - a potion of magic {unknown}


   Skills:
 + Level 4.9 Fighting
 - Level 2.4 Dodging
 + Level 5.4 Shields
 * Level 7.6 Unarmed Combat


You had 7 spell levels left.
You didn't know any spells.
Your spell library contained the following spells:

 Spells                   Type           Power      Damage    Failure   Level
 Foxfire                  Conj/Fire      0%         2x1d4     73%         1
 Blink                    Tloc           0%         N/A       86%         2
 Poisonous Vapours        Pois/Air       0%         N/A       86%         2
 Conjure Flame            Conj/Fire      0%         6-21      97%         3
 Frozen Ramparts          Ice            0%         1d1       97%         3
 Gell's Gravitas          Tloc           0%         N/A       97%         3
 Ignite Poison            Fire/Tmut/Pois 0%         N/A       97%         3
 Inner Flame              Hex/Fire       0%         N/A       97%         3
 Lesser Beckoning         Tloc           0%         N/A       97%         3
 Mephitic Cloud           Conj/Pois/Air  0%         N/A       97%         3
 Teleport Other           Tloc           0%         N/A       97%         3
 Airstrike                Air            0%         2d(0-16)  100%        4
 Flame Wave               Conj/Fire      0%         2d4       100%        4
 Ice Form                 Ice/Tmut       0%         N/A       100%        4
 Sticky Flame             Conj/Fire      0%         2d3       100%        4
 Summon Ice Beast         Ice/Summ       0%         N/A       100%        4
 Freezing Cloud           Conj/Ice/Air   0%         6-21      100%        5
 Manifold Assault         Tloc           0%         N/A       100%        5
 Dispersal                Tloc           0%         N/A       100%        6
 Storm Form               Tmut/Air       0%         N/A       100%        7


Dungeon Overview and Level Annotations

Branches:
Dungeon (6/15)             Temple (1/1) D:4           Sewer (visited)

Altars:
Ashenzari
Elyvilon
Fedhas
Gozag
Hepliaklqana
Kikubaaqudgha
Makhleb
Nemelex Xobeh
Okawaru
Qazlal
Ru
Sif Muna
Trog
Uskayaw
Vehumet
Wu Jian
Xom
Yredelemnul
Zin
The Shining One

Shops:
D:2 [   D:6 =

Annotations:
D:4 dig vault


Innate Abilities, Weirdness & Mutations

You are too large for most types of armour.
You have claws for hands.
Your natural rate of healing is unusually fast.
You are covered in fur. (AC +1)
You have tough skin. (AC +1)


Message History

You kill the orc wizard!
The Council accepts your kill.
You mangle the orc!!
You kill the orc!
The Council accepts your kill.
The orc hits you with a +3 falchion of holy wrath.
You completely miss the orc. The orc misses you.
You claw the orc!
You kill the orc!
The Council accepts your kill.
No target in view!
No target in view!
Items here: )) [[ †.
Okay, then.
Found a chain mail.
Found Goim's Jewellery Emporium.
An electric eel comes into view.
No reachable target in view!
The electric eel shoots out a bolt of lightning at you!
The bolt of electricity hits you.
An electric eel comes into view.
The electric eel shoots out a bolt of lightning at you!
The bolt of electricity hits you!
An electric eel comes into view.
The electric eel shoots out a bolt of lightning at you!
The bolt of electricity hits you! x2
The electric eel shoots out a bolt of lightning at you!
The bolt of electricity hits you! x2
The electric eel shoots out a bolt of lightning at you!
The bolt of electricity hits you!
* * * LOW HITPOINT WARNING * * *
The electric eel shoots out a bolt of lightning at you!
The bolt of electricity hits you!
* * * LOW HITPOINT WARNING * * *
The electric eel shoots out a bolt of lightning at you!
The bolt of electricity hits you.
* * * LOW HITPOINT WARNING * * *
The electric eel shoots out a bolt of lightning at you!
The bolt of electricity hits you!
You die...

#.≈.≈.≈≈.≈.≈.≈.#
#.S.S.≈∩.≈.≈.≈.#
#.≈.≈.≈≈≈≈.≈.≈.#
##.S.≈...[..≈.≈.####
#..≈.≈≈≈≈≈≈≈≈.≈....##.#
#..≈..........≈.......
#..≈≈≈≈≈≈≈≈≈≈≈≈.......#
#........@..........#.#
#.#########..#........#
##..#....##.#
#+....).##.##
#....).##..#
#.).#......#
#..##......#
##.##.(.#..#
#.......#..#


You could see 3 electric eels.

Vanquished Creatures
  Eustachio (D:5)
  Menkaure (D:6)
  A black bear (D:5)
  An orc warrior (D:4)
  An ice beast (D:6)
  2 ogres
  Blork the orc (D:4)
  A kobold brigand (Sewer)
  A scorpion (D:3)
  An orc priest (D:5)
  2 hounds
  Ijyb (D:5)
  Natasha (thrice) (D:2)
  2 iguanas
  2 orc wizards
  Robin (D:2)
  4 adders
  A river rat (D:5)
  An ufetubus (D:5)
  3 worms
  6 dart slugs
  8 orcs
  18 ball pythons
  11 endoplasms
  23 goblins
  6 hobgoblins
  2 jackals (Sewer)
  5 quokkas
  3 bats
  4 frilled lizards (D:1)
  6 kobolds
  9 rats
132 creatures vanquished.

Notes
Turn   | Place    | Note
-------+----------+-------------------------------------------
     0 | D:1      | Ordine the Troll Fighter began the quest for the Orb.
     0 | D:1      | Reached XP level 1. HP: 22/22 MP: 0/0
    68 | D:1      | Reached XP level 2. HP: 29/29 MP: 1/1
   113 | D:1      | Found a faded altar of an unknown god.
   214 | D:1      | Reached XP level 3. HP: 36/36 MP: 2/2
   253 | D:1      | Reached skill level 3 in Unarmed Combat
   478 | D:2      | Noticed Natasha
   494 | D:2      | Killed Natasha
   495 | D:2      | Reached XP level 4. HP: 14/44 MP: 3/3
   542 | D:2      | Noticed Robin
   573 | D:2      | Killed Robin
   651 | D:2      | Noticed Natasha
   664 | D:2      | Killed Natasha
   665 | D:2      | Reached skill level 4 in Unarmed Combat
   665 | D:2      | Reached XP level 5. HP: 53/53 MP: 4/4
   700 | D:2      | Found Pirosout's Antique Armour Shop.
  1019 | D:2      | Noticed Natasha
  1025 | D:2      | Killed Natasha
  1893 | D:3      | Reached XP level 6. HP: 23/61 MP: 5/5
  2066 | D:4      | Noticed an orc warrior
  2097 | D:4      | Killed an orc warrior
  2098 | D:4      | Reached skill level 5 in Unarmed Combat
  2151 | D:4      | Found a staircase to the Ecumenical Temple.
  2159 | Temple   | Entered the Ecumenical Temple
  2203 | Temple   | Became a worshipper of the Wu Jian Council
  2368 | D:4      | Found a white marble altar of Elyvilon.
  2418 | D:4      | Noticed Blork the orc
  2426 | D:4      | Killed Blork the orc
  2552 | D:4      | Reached XP level 7. HP: 65/68 MP: 6/6
  3071 | D:5      | Entered Level 5 of the Dungeon
  3130 | D:5      | Reached skill level 6 in Unarmed Combat
  3175 | D:5      | Noticed Eustachio
  3194 | D:5      | Killed Eustachio
  3290 | D:5      | Got the Compilation of Dimensional Feathers
  3384 | D:5      | Found a glowing drain.
  3388 | Sewer    | Entered a sewer
  3397 | Sewer    | Reached * piety under Wu Jian
  3460 | Sewer    | Reached skill level 5 in Shields
  3460 | Sewer    | Reached XP level 8. HP: 50/79 MP: 7/7
  3503 | Sewer    | Found a white marble altar of Elyvilon.
  3741 | D:5      | Noticed Ijyb
  3743 | D:5      | Paralysed by Ijyb for 2 turns
  3752 | D:5      | Killed Ijyb
  3753 | D:5      | Reached skill level 7 in Unarmed Combat
  4645 | D:6      | Noticed Menkaure
  4652 | D:6      | Killed Menkaure
  4695 | D:6      | Found Goim's Jewellery Emporium.
  4704 | D:6      | HP: 3/79 [electric eel/bolt of electricity (6)]
  4704 | D:6      | Killed from afar by an electric eel

Illustrated notes

Levels and vault maps discovered:
D:1:      dpeg_arrival_rooms_c, layout_rooms, nicolae_ecumenical_snake_handling,
          minmay_unequal
D:2:      layout_basic, serial_shops, nicolae_shop_waterfront, uniq_robin,
          uniq_natasha
D:3:      layout_basic
D:4:      layout_loops_corners, nicolae_elyvilon_peaceful_grove, temple_green,
          due_unseen_surprise, uniq_blork_the_orc
D:5:      layout_layer_cave, gup_sewer_entry_bowl, uniq_ijyb, uniq_eustachio
D:6:      corexii_shantytown, layout_cave_pools, serial_rivers,
          chequers_serial_rivers_small_b, chequers_serial_rivers_marsh,
          chequers_serial_rivers_small_3, chequers_serial_rivers_room_a,
          chequers_serial_rivers_micro_c, serial_shops,
          nicolae_inconvenience_store, uniq_menkaure, uniq_pikel, uniq_maggie
Temple:   hellmonk_temple_of_storms

Skill      XL: |  1  2  3  4  5  6  7  8 |
---------------+-------------------------+-----
Shields        | 3 4 5 |  5.4
Unarmed Combat | 3 4 5 6 7 |  7.6
Fighting       | 3 4 |  4.9
Dodging        | |  2.4

Action                   |  1- 3 |  4- 6 |  7- 9 || total
-------------------------+-------+-------+-------++-------
Melee: Unarmed           |    90 |   149 |   111 ||   350
Invok: Lunge             |       |     2 |     8 ||    10
  Use: Potion            |       |     1 |       ||     1
       Scroll            |       |     4 |     4 ||     8
Armor: Robe              |    33 |    25 |    12 ||    70
Dodge: Dodged            |    38 |    39 |    57 ||   134
Block: Kite shield       |    29 |    48 |    46 ||   123
